 Dungeon Crawl Stone Soup version 0.23.1 (webtiles) character file.

Game seed: 13467451093405273174

96 poirepourri the Chopper (level 4, -13/35 HPs)
             Began as a Demonspawn Fighter on Mar 9, 2019.
             Mangled by an ogre
             ... wielding a +0 giant club
              (19 damage)
             ... on level 3 of the Dungeon.
             The game lasted 00:01:35 (2356 turns).

poirepourri the Chopper (Demonspawn Fighter)        Turns: 2356, Time: 00:01:35

Health: -13/35     AC: 12    Str: 16    XL:     4   Next: 41%
Magic:  4/4        EV:  6    Int: 10    God:
Gold:   101        SH:  8    Dex: 13    Spells: 3/3 levels left

rFire    . . .     SeeInvis .   a - +0 war axe
rCold    . . .     Gourm    .   c - +0 shield
rNeg     . . .     Faith    .   b - +0 scale mail
rPois    .         Spirit   .   (no helmet)
rElec    .         Reflect  .   (no cloak)
rCorr    .         Harm     .   (no gloves)
MR       .....                  (no boots)
Stlth    +.........             (no amulet)
HPRegen  0.11/turn              (no ring)
MPRegen  0.09/turn              (no ring)

@: sanguine armour
A: nightstalker 1, rot immunity, sanguine armour 1
a: no special abilities


You were on level 3 of the Dungeon.
You were hungry.

You visited 1 branch of the dungeon, and saw 3 of its levels.

You collected 101 gold pieces.

Inventory:

Hand Weapons
 a - a +0 war axe (weapon)
Armour
 b - a +0 scale mail (worn)
 c - a +0 shield (worn)
Scrolls
 k - a scroll of amnesia
Potions
 d - a potion of might
 g - a potion of brilliance
 h - a potion of mutation
 i - a potion of curing
 j - 2 potions of heal wounds {unknown}
 l - a potion of cancellation {unknown}
Comestibles
 f - 2 rations


   Skills:
 - Level 3.1 Fighting
 + Level 4.0 Axes
 - Level 2.8 Armour
 - Level 2.8 Shields


You had 3 spell levels left.
You didn't know any spells.
Your spell library was empty.

Dungeon Overview and Level Annotations

Branches:
Dungeon (3/15)

Altars:
Trog
Vehumet


Innate Abilities, Weirdness & Mutations

You are slightly more attuned to the shadows.
You are immune to rotting.
When seriously injured, your bleeding wounds create armour. (AC +6)


Message History

Your blood congeals into armour.
You barely miss the ogre.
The ogre is severely wounded.
You hit the bat.
You kill the bat!
The ogre barely misses you.
You barely miss the ogre.
The ogre is severely wounded.
The ogre hits you with a +0 giant club!
* * * LOW HITPOINT WARNING * * *
You are too injured to fight recklessly!
You are too injured to fight recklessly!
An ogre is nearby!
You aren't carrying any items that you can evoke.
Unknown command.
You hit the ogre.
The ogre is almost dead.
The ogre hits you with a +0 giant club!!
Ouch! That really hurt!
You die...

#### ######## ...#
#......# ...#
####......# ...#
#.........#
...#####.........######
......................>
.....###........@O.###
.....# #...........#
.._.°# #...........#
.○.$.# ###.........#
.○...# #####.....#
##.#.## #.....# ##....#
#.....# .####.## .#
##..####


You could see an ogre.

Vanquished Creatures
  4 adders
  2 worms (D:2)
  A dart slug (D:1)
  A leopard gecko (D:2)
  6 bats
  3 giant cockroaches (D:1)
  6 goblins
  8 hobgoblins
  2 quokkas (D:3)
  A ball python (D:2)
  3 frilled lizards
  6 kobolds
  9 rats
52 creatures vanquished.

Vanquished Creatures (others)
  A hobgoblin (D:3)
1 creature vanquished.

Grand Total: 53 creatures vanquished

Notes
Turn   | Place    | Note
-------+----------+-------------------------------------------
     0 | D:1      | poirepourri the Demonspawn Fighter began the quest for the
                  | Orb.
     0 | D:1      | Reached XP level 1. HP: 18/18 MP: 1/1
   105 | D:1      | Reached skill level 2 in Axes
   115 | D:1      | Gained mutation: You are slightly more attuned to the
                  | shadows. [demonic ancestry]
   115 | D:1      | Reached XP level 2. HP: 24/24 MP: 2/2
   564 | D:1      | Gained mutation: When seriously injured, your bleeding
                  | wounds create armour. (AC +6) [demonic ancestry]
   564 | D:1      | Reached XP level 3. HP: 29/29 MP: 3/3
   867 | D:2      | Found a bloodstained altar of Trog.
   887 | D:2      | Reached skill level 3 in Axes
  1570 | D:2      | Gained mutation: You are immune to rotting. [demonic
                  | ancestry]
  1570 | D:2      | Reached XP level 4. HP: 25/35 MP: 4/4
  2241 | D:3      | Reached skill level 4 in Axes
  2249 | D:3      | Found a radiant altar of Vehumet.
  2348 | D:3      | Noticed an ogre
  2356 | D:3      | Mangled by an ogre

Skill      XL: |  1  2  3  4 |
---------------+-------------+-----
Axes           | 2 3 4 |  4.0
Fighting       | |  3.1
Armour         | |  2.8
Shields        | |  2.8

Action                   |  1- 3 |  4- 6 || total
-------------------------+-------+-------++-------
Melee: War axe           |   133 |    50 ||   183
  Use: Scroll            |     4 |     3 ||     7
       Potion            |     1 |       ||     1
  Eat: Ration            |     1 |       ||     1
       Chunk             |       |     1 ||     1
Armor: Scale mail        |    65 |    30 ||    95
Dodge: Dodged            |    49 |    14 ||    63
Block: Shield            |    73 |    20 ||    93
